 Dungeon Crawl Stone Soup version 0.20.1-1-g8b1a95d (webtiles) character file.

3667 KobiteSteele the Carver (level 9, -8/66 HPs)
             Began as a Vampire Gladiator on Aug 10, 2017.
             Was an Elder of Okawaru.
             Mangled by a two-headed ogre
             ... wielding a +0 giant spiked club
              (19 damage)
             ... on level 8 of the Dungeon.
             The game lasted 00:34:07 (6671 turns).

KobiteSteele the Carver (Vampire Gladiator)         Turns: 6671, Time: 00:34:07

Health: -8/66      AC: 15    Str: 15    XL:     9   Next: 89%
Magic:  12/12      EV:  8    Int: 10    God:    Okawaru [****..]
Gold:   153        SH: 11    Dex: 17    Spells: 8/8 levels left

rFire    . . .     SeeInvis +   a - +1 long sword
rCold    . . .     Gourm    .   f - +2 buckler
rNeg     + . .     Faith    .   e - +0 chain mail {rF+}
rPois    .         Spirit   .   u - +2 helmet
rElec    +         Reflect  +   k - +1 cloak of the Postmodern Souls {+Fly rElec rF- MR+}
rCorr    .         Harm     .   t - +0 pair of gloves
MR       ++...                  (no boots)
Stlth    ..........             j - +3 amulet of reflection
Regen    0.3/turn               n - ring of protection from magic
MPRegen  0.2/turn               i - ring of stealth

@: no status effects
A: fangs 3, see invisible, unbreathing
a: Bat Form, Heroism, Renounce Religion, Evoke Flight


You were on level 8 of the Dungeon.
You worshipped Okawaru.
Okawaru was greatly pleased with you.
You were not thirsty.

You visited 1 branch of the dungeon, and saw 8 of its levels.

You collected 371 gold pieces.
You spent 218 gold pieces at shops.

Inventory:

Hand Weapons
 a - a +1 long sword (weapon)
 l - a +0 blowgun
Missiles
 d - a throwing net (quivered)
 m - 61 poisoned needles
Armour
 e - a +0 chain mail of fire resistance (worn)
 f - a +2 buckler (worn)
 k - the +1 cloak of the Postmodern Souls (worn) {+Fly rElec rF- MR+}
   (You bought it in a shop on level 4 of the Dungeon)

   It makes you vulnerable to fire.
   It insulates you from electricity.
   It affects your resistance to hostile enchantments.
   It lets you fly.
 t - a +0 pair of gloves (worn)
 u - a +2 helmet (worn)
Jewellery
 i - a ring of stealth (right hand)
 j - a +3 amulet of reflection (around neck)
 n - a ring of protection from magic (left hand)
 v - an uncursed ring of protection from magic
 y - an uncursed ring of positive energy {unknown}
Wands
 b - a wand of iceblast (0/15)
 p - a wand of digging (10/24)
 x - a wand of flame (27/48)
Scrolls
 g - a scroll of fear
 q - a scroll of enchant weapon
 r - 5 scrolls of remove curse
 s - 5 scrolls of teleportation
 w - a scroll of identify
Potions
 h - 2 potions of ambrosia
Books
 c - a book of Callings

   Spells                             Type                      Level
   a - Summon Small Mammal            Summoning                    1
   b - Call Imp                       Summoning                    2
   c - Call Canine Familiar           Summoning                    3
   d - Summon Guardian Golem          Hexes/Summoning              3
   e - Summon Lightning Spire         Summoning/Air                4
   f - Summon Ice Beast               Ice/Summoning                4


   Skills:
 + Level 4.5 Fighting
 + Level 8.2 Long Blades
 + Level 1.7 Throwing
 + Level 4.0 Armour
 + Level 4.4 Dodging
 + Level 1.6 Stealth
 * Level 6.5 Shields
 * Level 5.0 Invocations
 + Level 0.5 Evocations


You had 8 spell levels left.
You didn't know any spells.

Dungeon Overview and Level Annotations

Branches:
Dungeon (8/15)             Temple (0/1) D:7
   Lair: D:8-11

Altars:
Fedhas
Okawaru

Shops:
D:4 [}(*=   D:6 *

Annotations:
D:2 Sigmund


Innate Abilities, Weirdness & Mutations

You have razor-sharp teeth.
You have supernaturally acute eyesight. (SInv)
You can survive without breathing.


Message History

You block the two-headed ogre's attack.
Evoke which item? (* to show all) (? for menu, Esc to quit)
Aiming: Throw Flame (will waste charges)
Press: ? - help, Shift-Dir - straight line, f - two-headed ogre
Aim: a two-headed ogre, wielding a giant spiked club and a giant club (severely wounded)
The puff of flame hits the two-headed ogre.
The two-headed ogre is severely wounded.
Evoking this partially-identified wand wasted a few charges.
You block the two-headed ogre's attack. x2
You closely miss the two-headed ogre.
The two-headed ogre is heavily wounded.
The two-headed ogre hits you with a giant spiked club!!
* * * LOW HITPOINT WARNING * * *
You block the two-headed ogre's attack.
The gnoll shaman calls upon its god to speed up the gnoll.
The gnoll seems to speed up.
You see here a giant spiked club.
You see here a royal jelly.
The two-headed ogre hits you with a giant spiked club!!
You die...

#g# #g# #g# #.# ######.#
#.##### #.g....##########...)..
##### #.######........#..####
##...###.# #..g.%g....^....
##.....##.######..#####.#######
#....<..#......#..# #.#
#.............@O..# #.#
#.......######.##.# #.#
#...........# #.##.# #.#
#............# #.##.# #.#
#..###.#####.# #.##.# #.# #..
#. #.# ...#.# #.# #. #. #.. ...
.# #. #..#... #..#


You could see a two-headed ogre and a gnoll shaman.

Vanquished Creatures
  Pikel (D:6)
  The ghost of empire the Skirmisher, a novice MiFi of Nemelex Xobeh (D:4)
  Eustachio (D:4)
  Edmund (D:6)
  Duvessa (D:7)
  3 slaves (D:6)
  An orc warrior (D:7)
  A black bear (D:6)
  2 sky beasts
  2 ogres
  3 centaurs
  A big kobold (D:7)
  A bullfrog (D:6)
  A wyvern skeleton (D:8)
  3 killer bees (D:8)
  A water moccasin skeleton (D:6)
  Dowan (D:7)
  A wight (D:6)
  The ghost of ConnectionFaild the Slasher, a weakling OpFi (D:3)
  A howler monkey (D:5)
  2 jellies
  2 hounds
  5 crimson imps
  A gnoll shaman (D:5)
  3 orc priests
  A centaur skeleton (D:4)
  7 orc wizards
  A bullfrog skeleton (D:6)
  6 worker ants
  An iguana (D:7)
  A hound skeleton (D:5)
  A worker ant zombie (D:7)
  6 adders
  8 gnolls
  A howler monkey skeleton (D:6)
  3 shadow imps
  2 adder skeletons
  A worm (D:3)
  4 dart slugs
  3 leopard geckos
  31 orcs
  3 giant cockroaches
  A goblin (D:1)
  5 hobgoblins
  14 jackals
  11 kobolds
  2 quokkas
  8 bats
  2 frilled lizards
  A leopard gecko skeleton (D:6)
  A leopard gecko zombie (D:5)
  5 rats
171 creatures vanquished.

Vanquished Creatures (others)
  A centaur (D:5)
  A howler monkey (D:6)
  A hound (D:6)
  An orc wizard (D:7)
  A shadow imp (D:6)
  An adder skeleton (D:6)
  A leopard gecko (D:6)
  A jackal (D:6)
  A kobold (D:3)
9 creatures vanquished.

Grand Total: 180 creatures vanquished

Notes
Turn   | Place    | Note
-------+----------+-------------------------------------------
     0 | D:1      | KobiteSteele the Vampire Gladiator began the quest for the Orb.
     0 | D:1      | Reached XP level 1. HP: 16/16 MP: 1/1
   105 | D:1      | Reached XP level 2. HP: 8/22 MP: 2/2
   789 | D:2      | Reached XP level 3. HP: 27/27 MP: 3/3
   817 | D:2      | Found an iron altar of Okawaru.
   838 | D:2      | Became a worshipper of Warmaster Okawaru
  1471 | D:2      | Noticed Sigmund
  1903 | D:3      | Reached skill level 1 in Stealth
  1903 | D:3      | Reached XP level 4. HP: 20/33 MP: 4/4
  2202 | D:3      | Noticed ConnectionFaild's ghost (weakling OpFi)
  2209 | D:3      | Killed ConnectionFaild's ghost
  2209 | D:3      | Reached skill level 4 in Long Blades
  2209 | D:3      | Reached skill level 1 in Armour
  2209 | D:3      | Reached skill level 1 in Shields
  2209 | D:3      | Reached XP level 5. HP: 39/39 MP: 5/5
  2360 | D:4      | Reached skill level 1 in Invocations
  2514 | D:4      | Found Ohifeax's Gadget Boutique.
  2570 | D:4      | Found Meg Ucuf's General Store.
  2573 | D:4      | Noticed Eustachio
  2585 | D:4      | Found Yxzepteck's Antique Weapon Emporium.
  2587 | D:4      | Noticed empire's ghost (novice MiFi)
  2615 | D:5      | Entered Level 5 of the Dungeon
  2669 | D:5      | Noticed a sky beast
  2691 | D:5      | Killed a sky beast
  2691 | D:5      | Reached * piety under Okawaru
  2691 | D:5      | Reached XP level 6. HP: 31/46 MP: 5/7
  2965 | D:5      | Reached XP level 7. HP: 51/51 MP: 8/8
  3023 | D:5      | Reached ** piety under Okawaru
  3197 | D:5      | Reached skill level 5 in Long Blades
  3410 | D:6      | Noticed Pikel
  3551 | D:6      | Killed Pikel
  3551 | D:6      | Reached *** piety under Okawaru
  3551 | D:6      | Reached XP level 8. HP: 30/58 MP: 8/10
  3750 | D:6      | Reached skill level 6 in Long Blades
  4005 | D:6      | Found Hehoz's General Store.
  4133 | D:6      | Noticed Edmund
  4173 | D:6      | Killed Edmund
  4307 | D:6      | Found a blossoming altar of Fedhas.
  4442 | D:6      | Reached XP level 9. HP: 65/65 MP: 11/11
  4607 | D:4      | Reached skill level 7 in Long Blades
  4646 | D:4      | Found Vekk's Jewellery Emporium.
  4833 | D:4      | Reached skill level 5 in Shields
  4859 | D:4      | Killed empire's ghost
  4859 | D:4      | Reached **** piety under Okawaru
  4859 | D:4      | Received a gift from Okawaru
  4934 | D:4      | Killed Eustachio
  4982 | D:4      | Found Ereffi's Antique Armour Emporium.
  4990 | D:4      | Bought a bloodstained cloak for 218 gold pieces
  4995 | D:4      | Identified the +1 cloak of the Postmodern Souls {+Fly rElec rF- MR+} (You bought it in a shop on level 4 of the Dungeon)
  5222 | D:4      | You fall through a shaft for 3 floors!
  5551 | D:7      | Noticed Dowan
  5552 | D:7      | Killed Dowan
  5557 | D:7      | Noticed Duvessa
  5571 | D:7      | Killed Duvessa
  5610 | D:7      | Found a staircase to the Ecumenical Temple.
  5878 | D:7      | Reached skill level 8 in Long Blades
  6292 | D:8      | Reached skill level 5 in Invocations
  6600 | D:8      | Noticed a two-headed ogre
  6627 | D:8      | HP: 1/66 [two-headed ogre/giant spiked club (23)]
  6671 | D:8      | Mangled by a two-headed ogre

Skill      XL: |  1  2  3  4  5  6  7  8  9 |
---------------+----------------------------+-----
Fighting       | 2 3 4 |  4.5
Stealth        | 1 |  1.6
Long Blades    | 4 5 6 8 |  8.2
Armour         | 1 2 3 4 |  4.0
Dodging        | 4 |  4.4
Shields        | 1 2 4 6 |  6.5
Invocations    | 1 2 3 5 |  5.0
Throwing       | |  1.7
Evocations     | |  0.5

Action                   |  1- 3 |  4- 6 |  7- 9 || total
-------------------------+-------+-------+-------++-------
Melee: Long sword        |   125 |   127 |   599 ||   851
       Bite              |    12 |    13 |    84 ||   109
Throw: Throwing net      |     1 |       |     1 ||     2
Invok: Heroism           |       |     1 |     5 ||     6
Evoke: Wand              |       |     3 |     4 ||     7
  Use: Scroll            |     4 |     1 |    15 ||    20
       Potion            |       |     1 |     6 ||     7
 Stab: Held in net/web   |     1 |       |       ||     1
       Distracted        |       |       |     1 ||     1
  Eat: Corpse            |    11 |     6 |    13 ||    30
Armor: Leather armour    |     7 |       |       ||     7
       Chain mail        |    26 |    83 |   225 ||   334
       Scale mail        |     6 |       |       ||     6
Dodge: Dodged            |    71 |    43 |   169 ||   283
Block: Other             |    10 |       |       ||    10
       Buckler           |    12 |    66 |   326 ||   404
       Reflection        |     1 |     8 |    11 ||    20
       Rpst.: Long sword |    25 |    10 |    40 ||    75
